 Dungeon Crawl Stone Soup version 0.16-a0-3940-gf8a207b (webtiles) character file.

245 timbw the Slasher (level 6, 8/44 HPs)
             Began as a Human Gladiator on Feb 7, 2015.
             Quit the game on level 4 of the Dungeon.
             The game lasted 00:04:25 (1116 turns).

timbw the Slasher (Human Gladiator)                 Turns: 1116, Time: 00:04:26

Health: 8/44       AC:  5    Str: 15    XL:     6   Next: 32%
Magic:  6/6        EV: 13    Int:  8    God:
Gold:   103        SH:  0    Dex: 16    Spells: 0 memorised, 5 levels left

rFire  . . .     SeeInvis .     a - +0 long sword
rCold  . . .     Clarity  .     b - +0 leather armour
rNeg   . . .     SustAb   .     (no shield)
rPois  .         Gourm    .     c - +0 helmet
rElec  .         Spirit   .     (no cloak)
rCorr  .         Warding  .     (no gloves)
rMut   .         Stasis   .     j - +0 pair of boots
MR     .....                    h - amulet of faith
Stlth  +.........               (no ring)
                                (no ring)

@: lethally poisoned (8 -> -3), not resistant to hostile enchantments, very
unstealthy
A: no striking features
a: no special abilities


You were on level 4 of the Dungeon.
You were hungry.

You visited 1 branch of the dungeon, and saw 4 of its levels.

You collected 103 gold pieces.

Inventory:

Hand weapons
 a - a +0 long sword (weapon)
Missiles
 d - a throwing net (quivered)
Armour
 b - a +0 leather armour (worn)
 c - a +0 helmet (worn)
 j - a +0 pair of boots (worn)
Jewellery
 g - an uncursed ring of ice
 h - an amulet of faith (around neck)
Scrolls
 e - a scroll of enchant weapon {unknown}
 k - a scroll of magic mapping {unknown}
 l - 2 scrolls of fear {unknown}
 m - 2 scrolls of enchant armour {unknown}
 n - 2 scrolls of identify {unknown}
 o - a scroll of random uselessness {unknown}
Comestibles
 f - a bread ration
 i - 3 meat rations


   Skills:
 - Level 2.0 Fighting
 + Level 6.6 Long Blades
 - Level 2.0 Throwing
 - Level 3.0 Dodging


You had 5 spell levels left.
You didn't know any spells.

Dungeon Overview and Level Annotations

Branches:
Dungeon (4/15)
 Temple: D:4-7

Altars:
Cheibriados
Gozag
Kikubaaqudgha
Qazlal
Trog

Annotations:
D:4 timbw's ghost, average HuGl


Message History

You feel sick. The worker ant bites you.
* * * LOW HITPOINT WARNING * * *
The worker ant misses you.
You aren't carrying any potions.
You closely miss the worker ant.
The worker ant is moderately wounded.
* * * LOW HITPOINT WARNING * * *
You feel sick. The worker ant closely misses you.
You hit the worker ant.
The worker ant is heavily wounded.
* * * LOW HITPOINT WARNING * * *
You feel sick. The worker ant closely misses you.
You slash the worker ant!
The worker ant is almost dead.
* * * LOW HITPOINT WARNING * * *
You feel sick. The worker ant barely misses you.
Are you sure you want to abandon this character and quit the game? (Confirm with "yes".)
Okay, then.
Unknown command.
Are you sure you want to abandon this character and quit the game? (Confirm with "yes".)

## ..## ### ...
...## ... ......
#.# #.... ######.#
... ........##
###a# #....###.@#
#.# #....#....# ..#
#.[..).).## #s#
#........# ##.#
#....###......#
#...
#....####...### ...
#.......#...###..##
#..
#....###.........#
#.. ###.#
#......##..# ##
###..


You could see a worker ant.

Vanquished Creatures
  3 wights (D:4)
  A giant frog skeleton (D:3)
  An iguana (D:4)
  A worker ant (D:4)
  An adder (D:3)
  A giant gecko (D:2)
  An ooze (D:3)
  An orc (D:3)
  A ball python (D:3)
  4 bats (D:3)
  A bat skeleton (D:3)
  2 giant cockroaches
  4 goblins
  A hobgoblin (D:3)
  A quokka (D:2)
  3 giant newts
  A kobold (D:3)
  4 rats
32 creatures vanquished.

Notes
Turn   | Place    | Note
--------------------------------------------------------------
     0 | D:1      | timbw, the Human Gladiator, began the quest for the Orb.
     0 | D:1      | Reached XP level 1. HP: 16/16 MP: 1/1
    68 | D:2      | Found a stormy altar of Qazlal.
    78 | D:2      | Found an opulent altar of Gozag.
   127 | D:2      | Reached XP level 2. HP: 19/22 MP: 2/2
   334 | D:3      | Found an ancient bone altar of Kikubaaqudgha.
   336 | D:3      | Found a snail-covered altar of Cheibriados.
   418 | D:3      | Reached skill level 4 in Long Blades
   418 | D:3      | Reached XP level 3. HP: 22/27 MP: 3/3
   559 | D:3      | Found a bloodstained altar of Trog.
   677 | D:4      | Reached XP level 4. HP: 15/33 MP: 4/4
   684 | D:4      | Reached skill level 5 in Long Blades
   740 | D:4      | Noticed timbw's ghost (average HuGl)
   755 | D:3      | Reached XP level 5. HP: 6/38 MP: 5/5
   952 | D:4      | Noticed a scorpion
   956 | D:4      | Noticed a black bear
  1079 | D:4      | Reached skill level 6 in Long Blades
  1079 | D:4      | Reached XP level 6. HP: 37/44 MP: 6/6
  1116 | D:4      | Quit the game

Action                   |  1- 3 |  4- 6 || total
-------------------------+-------+-------++-------
Melee: Long sword        |    73 |    61 ||   134
Throw: Throwing net      |     2 |     4 ||     6
  Use: Potion            |       |     1 ||     1
       Scroll            |       |     2 ||     2
 Stab: Held in net/web   |     4 |     1 ||     5
